MWL (24 & UNDER)
WISCONSIN RAPIDS RANGERS @ MINNESOTA DEATH STARS
07/27/2024
 
TOP OF THE 1ST
Wisconsin Rapids Rangers batting - Pitching for Minnesota Death Stars : RHP Brian Smith
Pitching: RHP Brian Smith
Batting: RHB Troy Reed 0-0: Ball
1-0: Foul Ball, location: 2F
1-1: Ball
2-1: DOUBLE (Line Drive, 7LS)
Batting: LHB Alex Henderson 0-0: Called Strike
0-1: Fly out, F8 (Flyball, 8LM)
Batting: SHB José López 0-0: Ground out 4-3 (Groundball, 4)
Troy Reed to third
Batting: RHB Danny Campbell 0-0: SINGLE (Groundball, 56D) (infield hit)
Troy Reed scores
Batting: RHB John Denton 0-0: Ball
1-0: Called Strike
1-1: Foul Ball, location: 2F
1-2: Foul Ball, location: 2F
1-2: Foul Ball, location: 2F
1-2: Strikes out swinging
Top of the 1st over - 1 run(s), 2 hit(s), 0 error(s), 1 left on base; Wisconsin Rapids 1 - Minnesota 0
BOTTOM OF THE 1ST
Minnesota Death Stars batting - Pitching for Wisconsin Rapids Rangers : LHP Juan Espinosa
Pitching: LHP Juan Espinosa
Batting: RHB José Pérez 0-0: Called Strike
0-1: Swinging Strike
0-2: Strikes out swinging
Batting: RHB Peter Dixon 0-0: Ball
1-0: Called Strike
1-1: Fly out, F8 (Flyball, 8RM)
Batting: LHB Chris Loudermilk 0-0: Foul Ball, location: 2F
0-1: Swinging Strike
0-2: Strikes out looking
Bottom of the 1st over - 0 run(s), 0 hit(s), 0 error(s), 0 left on base; Wisconsin Rapids 1 - Minnesota 0
TOP OF THE 2ND
Wisconsin Rapids Rangers batting - Pitching for Minnesota Death Stars : RHP Brian Smith
Batting: RHB Dick Slagboom 0-0: Ball
1-0: Called Strike
1-1: Ball
2-1: Ball
3-1: Called Strike
3-2: Foul Ball, location: 2F
3-2: Strikes out swinging
Batting: RHB Vernon Romo 0-0: Ball
1-0: Called Strike
1-1: Ball
2-1: Ground out 5-3 (Groundball, 5S)
Batting: RHB James Jenkins 0-0: Ball
1-0: Called Strike
1-1: Called Strike
1-2: SOLO HOME RUN (Flyball, 7LD), Distance : 354 ft
Batting: RHB Robert Acosta 0-0: Ground out 6-3 (Groundball, 6)
Top of the 2nd over - 1 run(s), 1 hit(s), 0 error(s), 0 left on base; Wisconsin Rapids 2 - Minnesota 0
BOTTOM OF THE 2ND
Minnesota Death Stars batting - Pitching for Wisconsin Rapids Rangers : LHP Juan Espinosa
Batting: RHB Herb Ashley 0-0: Ball
1-0: Ball
2-0: Swinging Strike
2-1: Foul Ball, location: 2F
2-2: Foul Ball, location: 2F
2-2: Reached on error, E6 (Groundball, 6)
Batting: RHB Jorge Martínez 0-0: SINGLE (Groundball, 34)
Herb Ashley to third
Runner from 3rd tries for Home, SAFE, throw made home
Jorge Martínez to second
Batting: LHB Sixto Cortés 0-0: Ball
1-0: Ball
2-0: Fly out, F8 (Flyball, 8RXD)
Runner from 2nd tags up, SAFE at 3rd, no throw
Batting: LHB Lucas Coleman 0-0: Ball
1-0: Ball
2-0: Called Strike
2-1: Called Strike
2-2: Strikes out swinging
Batting: RHB Leslie Penn 0-0: Called Strike
0-1: Swinging Strike
0-2: Reached on error, E5 (Groundball, 5)
Jorge Martínez scores
Batting: RHB John Brown 0-0: Called Strike
0-1: Ball
1-1: Fielders Choice at 2nd, 5-4 (Groundball, 56)
Bottom of the 2nd over - 2 run(s), 1 hit(s), 2 error(s), 0 left on base; Wisconsin Rapids 2 - Minnesota 2
TOP OF THE 3RD
Wisconsin Rapids Rangers batting - Pitching for Minnesota Death Stars : RHP Brian Smith
Batting: RHB Troy Reed 0-0: Ground out 4-3 (Groundball, 4)
Batting: LHB Alex Henderson 0-0: Ball
1-0: Ball
2-0: Fly out, F8 (Line Drive, 8RM)
Batting: SHB José López 0-0: Ball
1-0: Ball
2-0: Called Strike
2-1: Ground out 1-3 (Groundball, 2L)
Top of the 3rd over - 0 run(s), 0 hit(s), 0 error(s), 0 left on base; Wisconsin Rapids 2 - Minnesota 2
BOTTOM OF THE 3RD
Minnesota Death Stars batting - Pitching for Wisconsin Rapids Rangers : LHP Juan Espinosa
Batting: RHB José Pérez 0-0: Fly out, F8 (Flyball, 8LM)
Batting: RHB Peter Dixon 0-0: Called Strike
0-1: Ball
1-1: Foul Ball, location: 2F
1-2: Ball
2-2: Ball
3-2: Base on Balls
Batting: LHB Chris Loudermilk 0-0: Ball
1-0: Ball
2-0: SINGLE (Line Drive, 6D)
Peter Dixon to second
Batting: RHB Herb Ashley 0-0: Fly out, F1 (Line Drive, 13)
Batting: RHB Jorge Martínez 0-0: Called Strike
0-1: Ball
1-1: SINGLE (Flyball, 8RS)
Peter Dixon to third
Chris Loudermilk to second
Batting: LHB Sixto Cortés 0-0: Swinging Strike
0-1: Ball
1-1: Swinging Strike
1-2: Ball
2-2: Foul Ball, location: 2F
2-2: Strikes out looking
Bottom of the 3rd over - 0 run(s), 2 hit(s), 0 error(s), 3 left on base; Wisconsin Rapids 2 - Minnesota 2
TOP OF THE 4TH
Wisconsin Rapids Rangers batting - Pitching for Minnesota Death Stars : RHP Brian Smith
Batting: RHB Danny Campbell 0-0: Fly out, F9 (Flyball, 89S)
Batting: RHB John Denton 0-0: Called Strike
0-1: Swinging Strike
0-2: Ball
1-2: Ground out 5-3 (Groundball, 56S)
Batting: RHB Dick Slagboom 0-0: Ball
1-0: Called Strike
1-1: Foul Ball, location: 2F
1-2: Strikes out swinging
Top of the 4th over - 0 run(s), 0 hit(s), 0 error(s), 0 left on base; Wisconsin Rapids 2 - Minnesota 2
BOTTOM OF THE 4TH
Minnesota Death Stars batting - Pitching for Wisconsin Rapids Rangers : LHP Juan Espinosa
Batting: LHB Lucas Coleman 0-0: Ball
1-0: Foul Ball, location: 2F
1-1: Called Strike
1-2: Strikes out looking
Batting: RHB Leslie Penn 0-0: Called Strike
0-1: Ball
1-1: Swinging Strike
1-2: Strikes out swinging
Batting: RHB John Brown 0-0: Called Strike
0-1: Called Strike
0-2: Ball
1-2: Strikes out swinging
Bottom of the 4th over - 0 run(s), 0 hit(s), 0 error(s), 0 left on base; Wisconsin Rapids 2 - Minnesota 2
TOP OF THE 5TH
Wisconsin Rapids Rangers batting - Pitching for Minnesota Death Stars : RHP Brian Smith
Batting: RHB Vernon Romo 0-0: Ground out 5-3 (Groundball, 5S)
Batting: RHB James Jenkins 0-0: Fly out, F4 (Popup, 34D)
Batting: RHB Robert Acosta 0-0: Ball
1-0: Called Strike
1-1: Ball
2-1: Called Strike
2-2: Strikes out swinging
Top of the 5th over - 0 run(s), 0 hit(s), 0 error(s), 0 left on base; Wisconsin Rapids 2 - Minnesota 2
BOTTOM OF THE 5TH
Minnesota Death Stars batting - Pitching for Wisconsin Rapids Rangers : LHP Juan Espinosa
Batting: RHB José Pérez 0-0: Ball
1-0: Foul Ball, location: 2F
1-1: Ground out 6-3 (Groundball, 6)
Batting: RHB Peter Dixon 0-0: Ball
1-0: Called Strike
1-1: SINGLE (Line Drive, 7S)
Batting: LHB Chris Loudermilk 0-0: Foul Ball, location: 2F
0-1: Foul Ball, location: 2F
0-2: Foul Ball, location: 2F
0-2: Fly out, F9 (Flyball, 89M)
0-2: Fly out, F9 (Flyball, 89M)
Batting: RHB Herb Ashley 0-0: Ball
1-0: Called Strike
1-1: Foul Ball, location: 2F
1-2: Strikes out swinging
Bottom of the 5th over - 0 run(s), 1 hit(s), 0 error(s), 1 left on base; Wisconsin Rapids 2 - Minnesota 2
TOP OF THE 6TH
Wisconsin Rapids Rangers batting - Pitching for Minnesota Death Stars : RHP Brian Smith
Batting: RHB Troy Reed 0-0: Ball
1-0: Ball
2-0: Foul Ball, location: 2F
2-1: SINGLE (Line Drive, 34D)
Batting: LHB Alex Henderson 0-0: Ball
1-0: Ball
2-0: Ball
3-0: Called Strike
3-1: SINGLE (Groundball, 34D)
Troy Reed to second
Runner from 2nd tries for 3rd, SAFE, no throw or cutoff
Batting: SHB José López 0-0: Ball
1-0: Swinging Strike
1-1: Foul Ball, location: 2F
1-2: Ball
2-2: Fly out, F7 (Flyball, 7LMF)
Runner from 3rd tags up, SCORES, no throw
Batting: RHB Danny Campbell 0-0: Grounds into double play, 5-4-3 (Groundball, 56)
Top of the 6th over - 1 run(s), 2 hit(s), 0 error(s), 0 left on base; Wisconsin Rapids 3 - Minnesota 2
BOTTOM OF THE 6TH
Minnesota Death Stars batting - Pitching for Wisconsin Rapids Rangers : LHP Juan Espinosa
Batting: RHB Jorge Martínez 0-0: Ball
1-0: Called Strike
1-1: Called Strike
1-2: Ball
2-2: Foul Ball, location: 2F
2-2: Strikes out swinging
Batting: LHB Sixto Cortés 0-0: Ball
1-0: Called Strike
1-1: Called Strike
1-2: Strikes out swinging
Batting: LHB Lucas Coleman 0-0: Ball
1-0: Ball
2-0: Ball
3-0: Called Strike
3-1: Swinging Strike
3-2: Foul Ball, location: 2F
3-2: Strikes out swinging
Bottom of the 6th over - 0 run(s), 0 hit(s), 0 error(s), 0 left on base; Wisconsin Rapids 3 - Minnesota 2
TOP OF THE 7TH
Wisconsin Rapids Rangers batting - Pitching for Minnesota Death Stars : RHP Brian Smith
Batting: RHB John Denton 0-0: Swinging Strike
0-1: SINGLE (Groundball, 56)
Batting: RHB Dick Slagboom 0-0: Ball
1-0: Swinging Strike
1-1: Ball
2-1: Called Strike
2-2: Fly out, F6 (Line Drive, 6M)
Batting: RHB Vernon Romo 0-0: Ball
1-0: Ball
2-0: Ball
3-0: Called Strike
3-1: Base on Balls
John Denton to second
Pinch Hitting: SHB Ricardo Arévalo 0-0: Ball
1-0: Called Strike
1-1: Ball
2-1: Fly out, F2 (Popup, 15S)
Pitching: RHP Howard Jewel
Pinch Hitting: RHB Paul Richard 0-0: Called Strike
0-1: Fly out, F6 (Popup, 6MD)
Top of the 7th over - 0 run(s), 1 hit(s), 0 error(s), 2 left on base; Wisconsin Rapids 3 - Minnesota 2
BOTTOM OF THE 7TH
Minnesota Death Stars batting - Pitching for Wisconsin Rapids Rangers : LHP Juan Espinosa
Pitching: RHP Chuck Plummer
Now at 2B: Ricardo Arévalo
Now at SS: James Green
Batting: RHB Leslie Penn 0-0: Called Strike
0-1: Ball
1-1: Ball
2-1: Ball
3-1: Called Strike
3-2: Base on Balls
Batting: RHB John Brown 0-0: Sac Bunt - play at first, batter OUT! 2-4
Leslie Penn to second
Batting: RHB José Pérez 0-0: Ball
1-0: Ball
2-0: Foul Ball, location: 2F
2-1: Fly out, F8 (Flyball, 8LM)
Batting: RHB Peter Dixon 0-0: Swinging Strike
0-1: Called Strike
0-2: Ball
1-2: Strikes out swinging
Bottom of the 7th over - 0 run(s), 0 hit(s), 0 error(s), 1 left on base; Wisconsin Rapids 3 - Minnesota 2
TOP OF THE 8TH
Wisconsin Rapids Rangers batting - Pitching for Minnesota Death Stars : RHP Howard Jewel
Batting: RHB Troy Reed 0-0: Ball
1-0: Called Strike
1-1: Ball
2-1: Ball
3-1: Swinging Strike
3-2: Strikes out swinging
Batting: LHB Alex Henderson 0-0: Called Strike
0-1: Ball
1-1: SINGLE (Groundball, 13) (infield hit)
Batting: SHB José López 0-0: Ball
1-0: SINGLE (Line Drive, 4M)
Alex Henderson to second
Batting: RHB Danny Campbell 0-0: Fly out, F4 (Line Drive, 4)
Batting: RHB John Denton 0-0: Foul Ball, location: 2F
0-1: Ball
1-1: Called Strike
1-2: Ball
2-2: Ball
3-2: Fly out, F8 (Line Drive, 8LM)
Top of the 8th over - 0 run(s), 2 hit(s), 0 error(s), 2 left on base; Wisconsin Rapids 3 - Minnesota 2
BOTTOM OF THE 8TH
Minnesota Death Stars batting - Pitching for Wisconsin Rapids Rangers : RHP Chuck Plummer
Pitching: LHP Ben Reyes
Batting: LHB Chris Loudermilk 0-0: Ball
1-0: Called Strike
1-1: Ball
2-1: Foul Ball, location: 2F
2-2: Fly out, F8 (Flyball, 89M)
Pitching: RHP Ray Adams
Batting: RHB Herb Ashley 0-0: Ball
1-0: Called Strike
1-1: Ball
2-1: Ball
3-1: Base on Balls
Pinch Hitting: LHB Rob Davidson 0-0: Ball
1-0: Ball
2-0: Ball
3-0: Called Strike
3-1: Fielders Choice at 2nd, 4-6 (Groundball, 4)
Pitching: LHP Steve Alexander
Batting: LHB Sixto Cortés 0-0: Ball
1-0: Called Strike
1-1: Foul Ball, location: 2F
1-2: Ball
2-2: Strikes out swinging
Bottom of the 8th over - 0 run(s), 0 hit(s), 0 error(s), 1 left on base; Wisconsin Rapids 3 - Minnesota 2
TOP OF THE 9TH
Wisconsin Rapids Rangers batting - Pitching for Minnesota Death Stars : RHP Howard Jewel
Now in RF: Rob Davidson
Batting: RHB Dick Slagboom 0-0: Ball
1-0: DOUBLE (Groundball, 5L)
Batting: RHB Vernon Romo 0-0: Ball
1-0: Foul Ball, location: 2F
1-1: Swinging Strike
1-2: Ball
2-2: Foul Ball, location: 2F
2-2: Ball
3-2: Foul Ball, location: 2F
3-2: Strikes out looking
Batting: SHB Ricardo Arévalo 0-0: Intentional Walk
Pinch Runner at 2nd Salvador Vázquez:
Batting: RHB James Green 0-0: Ball
1-0: Foul Ball, location: 2F
1-1: Foul Ball, location: 2F
1-2: Foul Ball, location: 2F
1-2: Ball
2-2: Fly out, F3 (Popup, 3F)
Batting: RHB Troy Reed 0-0: Foul Ball, location: 2F
0-1: Swinging Strike
0-2: Strikes out swinging
Top of the 9th over - 0 run(s), 1 hit(s), 0 error(s), 2 left on base; Wisconsin Rapids 3 - Minnesota 2
BOTTOM OF THE 9TH
Minnesota Death Stars batting - Pitching for Wisconsin Rapids Rangers : LHP Steve Alexander
Pitching: RHP Júlio Feliciano
Now at C: Cherles Vilo
Batting: LHB Lucas Coleman 0-0: Ball
1-0: Ball
2-0: Swinging Strike
2-1: Swinging Strike
2-2: Strikes out swinging
Batting: RHB Leslie Penn 0-0: Ball
1-0: Called Strike
1-1: Swinging Strike
1-2: Strikes out swinging
Batting: RHB John Brown 0-0: Foul Ball, location: 2F
0-1: Ball
1-1: Ball
2-1: Ball
3-1: Base on Balls
Batting: RHB José Pérez 0-0: Ball
1-0: Foul Ball, location: 2F
1-1: Called Strike
1-2: Ball
2-2: Strikes out swinging
Bottom of the 9th over - 0 run(s), 0 hit(s), 0 error(s), 1 left on base; Wisconsin Rapids 3 - Minnesota 2
This league is powered by Out of the Park Baseball, the baseball management simulation game for PC, Mac and Linux
Saturday, April 9th, 2016 - OOTP Baseball 16.8 Build 38